 Dungeon Crawl Stone Soup version 0.29.1-13-g9f3cf754e1 (webtiles) character file.

Game seed: 249456457601743122

1640191 LSt the Gnoll Aeon (level 27, 246/246 HPs)
             Began as a Gnoll Wanderer on Jan 30, 2023.
             Was the Champion of Cheibriados.
             Escaped with the Orb
             ... and 3 runes on Feb 2, 2023!
             The game lasted 14:17:44 (76874 turns).

LSt the Gnoll Aeon (Gnoll Wanderer)                Turns: 76874, Time: 14:17:45

Health: 246/246    AC: 46    Str: 41    XL:     27
Magic:  47/47      EV: 39    Int: 24    God:    Cheibriados [******]
Gold:   3097       SH:  0    Dex: 51    Spells: 2/66 levels left

rFire   + . .      SeeInvis .   i - +9 great mace (vorpal)
rCold   + + +      Faith    +   (shield currently unavailable)
rNeg    . . .      Spirit   .   W - +12 gold dragon scales
rPois   +          Reflect  .   (no helmet)
rElec   +          Harm     .   Q - +2 cloak {rPois}
rCorr   .          Rampage  .   x - +2 pair of gloves {Dex+3}
Will    +++++      Clarity  +   n - +2 pair of boots of the Planets {Regen+}
Stlth   +......... NoTele   +   e - amulet "Tuedgh" {Faith -Tele Fragile Will+++ Dex+5}
HPRegen 1.31/turn               H - ring "Meguytt" {Fly rElec Str+4 Int-3 Dex+9}
MPRegen 0.30/turn               E - ring "Xutaxkim" {rPois rC+++ Will+ Int-2 Dex+6}

@: flying, very slow
A: fangs 1, strong nose, distributed training, clarity, strong-willed 1, robust
1
0: Orb of Zot
}: 3/15 runes: decaying, silver, gossamer
a: Renounce Religion, Bend Time, Temporal Distortion, Slouch, Step From Time


You escaped.
You worshipped Cheibriados.
Cheibriados was exalted by your worship.
You visited 11 branches of the dungeon, and saw 51 of its levels.
You visited 1 bazaar.
You also visited: Trove, Gauntlet, Volcano and Desolation.

You collected 7068 gold pieces.
You spent 3971 gold pieces at shops.

Inventory:

Hand Weapons
 a - the +7 sceptre of Torment {pain, torment}
   (You found it on level 2 of the Crypt)

   In the hands of one skilled in necromantic magic, it inflicts extra damage on
   living creatures.
   It occasionally torments all nearby living foes when it strikes in combat.
 b - the +6 arbalest "Damnation" {damnation}
   (You found it in a treasure trove)

   Any ammunition fired from it explodes in a burst of damnation on striking a
   foe, dealing damage which bypasses armour.
 i - a +9 vorpal great mace (weapon)
 C - the +6 executioner's axe "Ultimatum" {protect, rN+ Str-2 Int+5}
   (You found it in a treasure trove)

   It grants its wielder temporary protection when it strikes (+7 to AC).
   Str:       It affects your strength (-2).
   Int:       It affects your intelligence (+5).
   rN:        It protects you from negative energy.
 I - the +9 rapier of Qeblomyr {vorpal, rElec rPois Stlth+}
   (You found it in the Desolation of Salt)

   It inflicts extra damage upon your enemies.
   rElec:     It insulates you from electricity.
   rPois:     It protects you from poison.
   Stlth:     It makes you more stealthy.
Missiles
 f - 6 javelins
 r - 16 boomerangs of dispersal
 O - 8 silver javelins
 T - 6 boomerangs (quivered)
Armour
 n - the +2 pair of boots of the Planets (worn) {Regen+}
   (You found it on level 3 of the Swamp)

   Regen:     It increases your rate of health regeneration.
 x - a +2 pair of gloves of dexterity (worn)
 Q - a +2 cloak of poison resistance (worn)
 R - a +2 helmet
 W - +12 gold dragon scales (worn)
Jewellery
 e - the amulet "Tuedgh" (around neck) {Faith -Tele Fragile Will+++ Dex+5}
   (You acquired it in a bazaar)

   [amulet of faith]

   It allows you to gain divine favour quickly.
   Dex:       It affects your dexterity (+5).
   -Tele:     It prevents most forms of teleportation.
   Fragile:   It will be destroyed if unequipped.
   Will:      It greatly increases your willpower.
 p - a ring of resist corrosion
 y - an amulet of regeneration
 E - the ring "Xutaxkim" (right hand) {rPois rC+++ Will+ Int-2 Dex+6}
   (You took it off a deep elf demonologist on level 3 of the Elven Halls)

   [ring of dexterity]

   Int:       It affects your intelligence (-2).
   Dex:       It affects your dexterity (+6).
   rC:        It renders you almost immune to cold.
   rPois:     It protects you from poison.
   Will:      It increases your willpower.
 G - a ring of protection from fire
 H - the ring "Meguytt" (left hand) {Fly rElec Str+4 Int-3 Dex+9}
   (You found it on level 3 of the Elven Halls)

   [ring of flight]

   Str:       It affects your strength (+4).
   Int:       It affects your intelligence (-3).
   Dex:       It affects your dexterity (+9).
   rElec:     It insulates you from electricity.
   Fly:       It grants you flight.
 K - the ring of Osuexto {rPois rN+ Dex+2}
   (You found it in the Desolation of Salt)

   [ring of poison resistance]

   Dex:       It affects your dexterity (+2).
   rPois:     It protects you from poison.
   rN:        It protects you from negative energy.
 Z - the ring of Quzxid {Will+ Str-5 Int+4 SInv Stlth+}
   (You found it in the Desolation of Salt)

   [ring of willpower]

   Str:       It affects your strength (-5).
   Int:       It affects your intelligence (+4).
   SInv:      It lets you see invisible.
   Will:      It increases your willpower.
   Stlth:     It makes you more stealthy.
Wands
 s - a wand of acid (22)
 J - a wand of iceblast (46)
 L - a wand of polymorph (12)
 M - a wand of mindburst (14)
 U - a wand of digging (8)
Scrolls
 g - 19 scrolls of teleportation
 j - 5 scrolls of poison
 q - 9 scrolls of fear
 t - 4 scrolls of silence
 P - 4 scrolls of summoning
 S - 8 scrolls of blinking
 X - 6 scrolls of butterflies
Potions
 h - 16 potions of mutation
 k - 7 potions of cancellation
 l - 4 potions of attraction
 o - 8 potions of might
 u - 18 potions of curing
 v - 5 potions of resistance
 w - 4 potions of berserk rage
 B - 10 potions of ambrosia
 D - 5 potions of magic
 F - 2 potions of invisibility
 N - 12 potions of heal wounds
Miscellaneous
 c - the horn of Geryon (inert)
 d - a lightning rod (4/4)
 m - a phial of floods
 z - a box of beasts
 A - a phantom mirror
 V - a tin of tremorstones (2/2)
 Y - a condenser vane


   Skills:
 + Level 20.1 Fighting
 + Level 20.1 Short Blades
 + Level 20.1 Long Blades
 + Level 20.1 Axes
 + Level 21.4 Maces & Flails
 + Level 20.1 Polearms
 + Level 20.1 Staves
 + Level 20.1 Ranged Weapons
 + Level 20.2 Throwing
 + Level 20.5 Armour
 + Level 20.1 Dodging
 + Level 20.1 Stealth
 + Level 20.2 Shields
 + Level 20.1 Unarmed Combat
 + Level 20.2 Spellcasting
 + Level 17.1 Conjurations
 + Level 17.1 Hexes
 + Level 17.1 Summonings
 + Level 17.1 Necromancy
 + Level 17.1 Translocations
 + Level 17.1 Transmutations
 + Level 17.1 Fire Magic
 + Level 17.1 Ice Magic
 + Level 17.1 Air Magic
 + Level 17.1 Earth Magic
 + Level 17.3 Poison Magic
 + Level 21.7 Invocations
 + Level 20.1 Evocations


You had 2 spell levels left.
You knew the following spells:

 Your Spells              Type           Power      Damage    Failure   Level
a - Sting                 Tmut/Pois      100%       1d8       0%          1
b - Wereblood             Tmut           82%        N/A       0%          2
c - Scorch                Fire           100%       2d10      0%          2
d - Ignite Poison         Fire/Tmut/Pois 82%        N/A       1%          3
e - Flame Wave            Conj/Fire      82%        2d18      1%          4
f - Orb of Destruction    Conj           41%        9d11      8%          7
g - Mephitic Cloud        Conj/Pois/Air  82%        N/A       1%          3
h - Eringya's Noxious Bo  Tmut/Pois      41%        N/A       1%          6
i - Summon Cactus Giant   Summ           41%        N/A       1%          6
j - Death Channel         Necr           41%        N/A       1%          6
k - Freezing Cloud        Conj/Ice/Air   41%        6-21      1%          5
l - Irradiate             Conj/Tmut      41%        3d25      1%          5
m - Passwall              Tmut/Erth      68%        N/A       0%          2
n - Summon Mana Viper     Hex/Summ       82%        N/A       1%          5
o - Haunt                 Necr/Summ      41%        N/A       8%          7

Your spell library contained the following spells:

 Spells                   Type           Power      Damage    Failure   Level
 Foxfire                  Conj/Fire      100%       2x1d9     0%          1
 Freeze                   Ice            100%       1d11      0%          1
 Magic Dart               Conj           100%       1d8       0%          1
 Slow                     Hex            100%       N/A       0%          1
 Call Imp                 Summ           82%        N/A       0%          2
 Ensorcelled Hibernation  Hex/Ice        100%       N/A       0%          2
 Poisonous Vapours        Pois/Air       100%       N/A       0%          2
 Static Discharge         Conj/Air       82%        3-14/arc  0%          2
 Sublimation of Blood     Necr           82%        N/A       0%          2
 Confusing Touch          Hex            82%        N/A       1%          3
 Dazzling Flash           Conj/Hex       100%       N/A       1%          3
 Frozen Ramparts          Ice            100%       1d16      1%          3
 Gell's Gravitas          Tloc           82%        N/A       1%          3
 Lesser Beckoning         Tloc           82%        N/A       1%          3
 Stone Arrow              Conj/Erth      100%       3d13      1%          3
 Swiftness                Air            82%        N/A       1%          3
 Teleport Other           Tloc           82%        N/A       1%          3
 Vampiric Draining        Necr           82%        2d11      1%          3
 Airstrike                Air            41%        2d(6-22)  1%          4
 Anguish                  Hex/Necr       41%        N/A       1%          4
 Animate Dead             Necr           82%        N/A       1%          4
 Cause Fear               Hex            41%        N/A       1%          4
 Dispel Undead            Necr           82%        3d27      1%          4
 Hailstorm                Conj/Ice       82%        3d17      1%          4
 Leda's Liquefaction      Hex/Erth       41%        N/A       1%          4
 Olgreb's Toxic Radiance  Pois           82%        N/A       1%          4
 Petrify                  Tmut/Erth      82%        N/A       1%          4
 Sticky Flame             Conj/Fire      82%        2d9       1%          4
 Summon Lightning Spire   Summ/Air       82%        N/A       1%          4
 Agony                    Necr           82%        N/A       1%          5
 Alistair's Intoxication  Tmut/Pois      54%        N/A       1%          5
 Blade Hands              Tmut           41%        N/A       1%          5
 Borgnjor's Vile Clutch   Necr/Erth      41%        N/A       1%          5
 Fireball                 Conj/Fire      41%        3d17      1%          5
 Iskenderun's Battlesphe  Conj           82%        2d13      1%          5
 Lightning Bolt           Conj/Air       41%        1d60      1%          5
 Metabolic Englaciation   Hex/Ice        41%        N/A       1%          5
 Silence                  Hex/Air        41%        N/A       1%          5
 Summon Forest            Summ/Tloc      41%        N/A       1%          5
 Conjure Ball Lightning   Conj/Air       41%        3x3d13    1%          6
 Iron Shot                Conj/Erth      41%        9d8       1%          6
 Simulacrum               Ice/Necr       41%        N/A       1%          6
 Statue Form              Tmut/Erth      54%        N/A       1%          6
 Dragon Form              Tmut           41%        N/A       8%          7
 Ozocubu's Refrigeration  Ice            41%        4d16      8%          7
 Storm Form               Tmut/Air       41%        N/A       8%          7
 Summon Hydra             Summ           41%        N/A       8%          7
 Borgnjor's Revivificati  Necr           41%        N/A       50%         8
 Ignition                 Fire           41%        3d12      50%         8
 Maxwell's Capacitive Co  Air            41%        ∞         50%         8
 Necromutation            Tmut/Necr      41%        N/A       50%         8
 Chain Lightning          Conj/Air       41%        3d54      100%        9
 Death's Door             Necr           41%        N/A       100%        9
 Dragon's Call            Summ           41%        N/A       100%        9
 Fire Storm               Conj/Fire      41%        8d10      100%        9
 Shatter                  Erth           41%        3d32*     100%        9


Dungeon Overview and Level Annotations

Branches:
Dungeon (15/15)            Temple (0/1) D:6            Lair (5/5) D:11
  Swamp (4/4) Lair:2       Spider (4/4) Lair:3        Slime (0/5) Lair:5
    Orc (2/2) D:9             Elf (3/3) Orc:2        Vaults (5/5) D:14
  Crypt (3/3) Vaults:3       Tomb (0/3) Crypt:3      Depths (4/4) D:15
   Hell (visited)             Dis (0/7) Hell            Geh (0/7) Hell
    Coc (0/7) Hell            Tar (0/7) Hell            Zot (5/5) Depths:4
Volcano (visited)         Desolation (visited)      Gauntlet (visited)

Altars:
Ashenzari
Cheibriados
Dithmenos
Elyvilon
Fedhas
Kikubaaqudgha
Nemelex Xobeh
Okawaru
Qazlal
Ru
Sif Muna
Trog
Uskayaw
Vehumet
Xom
Yredelemnul
Jiyva
Lugonu

Shops:
D:2 [   D:5 !   D:11 ?   D:14 ?   Orc:2 =?!(   Elf:1 =*   Vaults:4 (
Depths:2 *[[**

Portals:
Hell: Depths:1 Depths:2 Depths:3 Depths:4
Abyss: Lair:5 Depths:3 Depths:4
Pandemonium: Depths:2 Depths:3
Ziggurat: Depths:4


Innate Abilities, Weirdness & Mutations

You have very sharp teeth.
Your uncanny sense of smell can sniff out nearby items.
Your experience applies equally to all skills.
You possess an exceptional clarity of mind.
You are strong-willed. (Will+)
You are robust. (+10% HP)


Message History

Press: ? - help, Q - select action, (/) - cycle Shift-Dir - straight line, f/p - sun demon
Aim: a sun demon (79% to hit)
You throw a boomerang. The boomerang hits the sun demon!!
The sun demon is moderately wounded.
Throw: 6 boomerangs
Press: ? - help, Q - select action, (/) - cycle Shift-Dir - straight line, f/p - sun demon
Aim: a sun demon (moderately wounded, 79% to hit)
You throw a boomerang.
The boomerang barely misses the sun demon.
Throw: 6 boomerangs
Press: ? - help, Q - select action, (/) - cycle Shift-Dir - straight line, f/p - sun demon
Aim: a sun demon (moderately wounded, 79% to hit)
You throw a boomerang. The boomerang hits the sun demon!!
You kill the sun demon!
Cheibriados appreciates the change of pace.
(D) Dungeon (T) Temple (L) Lair (S) Swamp (N) Spider Nest (M) Slime Pits (O) Orcish Mines (E) Elven Halls (V) Vaults (C) Crypt (W) Tomb (U) Depths (H) Hell (I) Dis (G) Gehenna (X) Cocytus (Y) Tartarus (Z) Zot
Where to? (* - list waypoints, Enter - D:1 @ (x,y), ? - help)
There is a stone staircase leading up here.
You fly upwards.
There is a stone staircase leading down here.
Items here: )))).
Things that are here:
a +0 dagger; a +0 dagger
Things that are here:
a +0 club; a +0 sling
There is a stone staircase leading up, spattered with blood here.
You fly upwards.
There is a stone staircase leading down here.
There is a stone staircase leading up here.
You fly upwards.
There is a stone staircase leading down here.
There is an open door here.
There is an open door here.
There is an open gate here.
There is a staircase leading out of the dungeon here.
You have escaped!

..........# ..........#######
................######
.............##......####
.............#######....###
.............#♣♣♣♣♣##..[..#
.........#####♣...♣ #.....#
#........# ##### #.....#
#.....#### #.@.# #.....#######
......# #...# #..........>.
...##.#########'''#############.#
...##.'...'............⌠# #.#
###########............⌠# #.#
#..##...##..### #.# #..##...##..#
#.# ♣#...........#♣ #.#
♣#...........#♣ #.#


There were no monsters in sight!

Vanquished Creatures
  6 dread liches
  4 orbs of fire (Zot:5)
  2 ancient liches (Zot:5)
  A pandemonium lord (Depths:1)
  Mara (Depths:3)
  A juggernaut (Zot:4)
  3 royal mummies (Crypt:2)
  Josephina (Depths:4)
  Bai Suzhen (Crypt:3)
  6 Killer Klowns
  Xtahua (Vaults:2)
  3 curse toes
  Geryon (Hell)
  A caustic shrike (Depths:2)
  8 golden dragons
  A profane servitor (Crypt:3)
  the Enchantress (D:15)
  A Brimstone Fiend (Zot:1)
  Arachne (Spider:2)
  3 electric golems
  18 tentacled monstrosities
  A walking earthen tome (Depths:3)
  A walking divine tome (Depths:3)
  5 liches
  2 deep elf blademasters (Elf:3)
  22 Orb Guardians (Zot:5)
  Mlioglotl (Spider:4)
  10 quicksilver dragons
  2 deep elf master archers (Elf:3)
  2 Executioners
  A walking frostbound tome (Depths:4)
  A titan (Vaults:5)
  7 sphinxes
  13 ancient champions
  7 shadow dragons
  3 tengu reavers
  9 death cobs
  Kirke (Spider:4)
  Donald (Swamp:1)
  7 draconian monks
  3 revenants
  15 storm dragons
  Roxanne (Swamp:3)
  6 fire giants
  8 frost giants
  2 draconian knights
  3 iron dragons
  4 emperor scorpions
  9 draconian scorchers
  5 deep elf sorcerers
  2 balrugs (Hell)
  10 ghost moths
  An imperial myrmidon (Desolation)
  15 vault wardens
  4 curse skulls
  4 draconian stormcallers
  6 draconian shifters
  18 very ugly things
  10 deep elf elementalists (Elf:3)
  3 reapers
  17 stone giants
  A caustic shrike skeleton (Hell)
  3 war gargoyles
  4 ghouls
  A broodmother (Spider:3)
  8 draconian annihilators
  14 ironbound preservers
  6 vampire knights
  7 spriggan defenders
  A juggernaut skeleton (Crypt:3)
  The ghost of Henri the Metallomancer, a journeyman GrEE of Ashenzari (Lair:3)
  7 deep elf demonologists
  8 green draconians
  8 ironbound thunderhulks
  A lorocyproca (D:11)
  5 entropy weavers
  5 eleionomae
  3 dire elephants (Vaults:1)
  16 white draconians
  13 purple draconians
  12 red draconians
  A minotaur (Gauntlet)
  16 black draconians
  A halazid warlock (Desolation)
  8 deep elf annihilators
  9 bunyips
  10 yellow draconians
  7 spark wasps
  4 crystal guardians
  2 iron golems (Hell)
  3 green deaths
  2 blizzard demons
  7 deep elf death magi
  16 ettins
  5 eidola
  The ghost of vvl the Tainter, a journeyman NaVM of Cheibriados (Lair:2)
  A spriggan zombie (Hell)
  9 jiangshi
  7 deep elf high priests
  9 yaktaur captains
  The ghost of dvd2 the Frost Mage, a journeyman MfIE of Vehumet (Lair:3)
  A shambling mangrove (Swamp:3)
  5 mummy priests
  2 merfolk impalers
  10 ragged hierophants (Desolation)
  8 fire dragons
  8 servants of whispers (Desolation)
  A great orb of eyes (shapeshifter) (Vaults:5)
  35 vault guards
  Erolcha (Orc:1)
  Harold (D:11)
  10 great orbs of eyes
  16 hydras
  5 two-headed ogres
  An ice dragon (shapeshifter) (Elf:3)
  10 peacekeepers
  9 boulder beetles
  6 ice dragons
  4 rakshasas
  7 spriggan air magi
  A juggernaut simulacrum (Depths:4)
  9 ghost crabs
  3 jorogumos (Spider:1)
  6 radroaches
  3 hell beasts
  An anaconda (shapeshifter) (Vaults:5)
  11 ironbound frosthearts
  6 ogre magi
  2 death knights (Crypt:2)
  4 catoblepae
  An azure jelly zombie (Crypt:2)
  A fenstrider witch skeleton (Crypt:3)
  20 centaur warriors
  27 dancing weapons
  5 tengu warriors
  9 deep troll earth magi
  3 alligators
  5 deep troll shamans
  5 vampire magi
  3 death yaks (Lair:4)
  4 hell hogs
  A titan zombie (Crypt:3)
  3 thrashing horrors (Lair:5)
  Urug (Lair:5)
  4 spriggan berserkers
  2 soul eaters
  21 hell knights
  19 deep elf knights
  A fire crab (shapeshifter) (D:15)
  2 sixfirhies (Depths:3)
  10 sun demons
  6 iron trolls
  10 pharaoh ants
  4 sun moths
  5 spriggan druids
  Lodul (D:10)
  9 orb spiders
  58 deep trolls
  A salamander mystic (Volcano)
  6 flayed ghosts
  14 skeletal warriors
  2 shadow wraiths (Crypt:3)
  7 steelbarb worms
  7 goliath frogs
  2 glowing orange brains (shapeshifter)
  A death drake (shapeshifter) (Vaults:5)
  3 anaconda zombies (Hell)
  A kraken simulacrum (Hell)
  A swamp dragon (shapeshifter) (Depths:3)
  7 glowing orange brains
  Pikel (D:4)
  A death drake (Gauntlet)
  A spark wasp zombie (Depths:1)
  12 bog bodies
  A golden dragon skeleton (Crypt:3)
  An orb spider (shapeshifter) (Vaults:5)
  A spectral wolf spider (Gauntlet)
  An anaconda skeleton (Crypt:2)
  11 deep elf archers
  An orange crystal statue (Elf:2)
  37 deep elf pyromancers
  21 deep elf zephyrmancers
  6 swamp dragons
  8 lindwurms
  3 harpies (Vaults:2)
  12 ironbound convokers
  7 phantasmal warriors
  15 wolf spiders
  9 wizards
  5 orc knights
  9 necromancers
  36 ugly things
  8 orc sorcerers
  A manticore (D:11)
  A frost giant zombie (Depths:1)
  5 cyclopes
  4 salamanders (Volcano)
  2 will-o-the-wisps
  32 moths of wrath
  16 elephants
  A spectral centaur (Gauntlet)
  2 centaur zombies
  A fire giant skeleton (Depths:1)
  4 apocalypse crabs (Swamp:1)
  23 vault sentinels
  2 orange demons (Swamp:4)
  2 guardian serpents (Desolation)
  4 rust devils
  An eye of devastation (Lair:5)
  4 smoke demons
  4 molten gargoyles
  2 black mambas
  An elephant (shapeshifter) (D:15)
  6 torpor snails
  6 gargoyles
  4 hellions
  12 cane toads
  A titan simulacrum (Depths:4)
  2 ice statues (Hell)
  9 demonic crawlers
  An unseen horror (D:12)
  2 rime drakes (Lair:3)
  8 freezing wraiths
  A black draconian skeleton (Crypt:3)
  Maggie (Lair:1)
  25 yaktaurs
  3 efreet
  9 komodo dragons
  An orb spider zombie (Crypt:2)
  2 ice devils
  An alligator snapping turtle skeleton (Crypt:3)
  A harpy zombie (Hell)
  A hellwing (Depths:3)
  2 hydra zombies (Hell)
  3 ancient zymes (Lair:5)
  3 tengu conjurers
  A mana viper zombie (Crypt:1)
  A troll (shapeshifter) (D:14)
  9 guardian mummies
  4 polar bears
  A polar bear (shapeshifter) (Depths:3)
  2 meliai (Spider:4)
  A merfolk (shapeshifter) (D:15)
  A bloated husk (Swamp:2)
  A sea snake skeleton (Hell)
  A hornet (shapeshifter) (D:15)
  A hydra skeleton (Hell)
  A meliai (shapeshifter) (Lair:5)
  2 red devils
  A raiju (shapeshifter) (Elf:2)
  A tarantella (shapeshifter) (D:13)
  11 trolls
  26 tarantellas
  10 hornets
  An alligator zombie (Hell)
  A tarantella zombie (Crypt:1)
  A tengu simulacrum (Depths:4)
  6 tyrant leeches
  A harpy skeleton (Crypt:1)
  13 dream sheep
  49 saltlings (Desolation)
  A meliai zombie (Gauntlet)
  20 blink frogs
  A jumping spider zombie (Crypt:3)
  A dream sheep (shapeshifter) (Depths:2)
  33 jumping spiders
  38 slime creatures
  An air elemental (Elf:1)
  14 culicivoras
  7 spriggans
  3 ushabtiu (Crypt:3)
  5 shadows
  9 large abominations
  A vampire (D:11)
  An alligator skeleton (Hell)
  6 flying skulls (Crypt:1)
  5 wraiths
  2 ynoxinuls (Lair:5)
  An ettin skeleton (Crypt:2)
  A basilisk (shapeshifter) (Lair:5)
  19 fire elementals
  5 humans (Spider:4)
  2 fire bats (Volcano)
  43 yaks
  A naga simulacrum (Hell)
  6 wyverns
  A black mamba skeleton (Crypt:3)
  12 water elementals
  A hog (Spider:4)
  A steam dragon (D:6)
  A neqoxec (Gauntlet)
  44 redbacks
  A redback (shapeshifter) (Vaults:5)
  17 vampire mosquitoes
  5 chaos spawn
  4 basilisks (Lair:5)
  3 naga zombies
  Edmund (D:5)
  A harpy simulacrum (Hell)
  24 swamp worms
  A cane toad zombie (Crypt:2)
  3 wargs
  A naga skeleton (Crypt:3)
  A floating eye (Lair:5)
  2 acid dragons (D:13)
  A nameless horror (Spider:2)
  A lindwurm zombie (Crypt:1)
  13 water moccasins
  2 sky beasts
  21 orc warriors
  3 ice beasts
  A blink frog zombie (Crypt:3)
  A black bear (D:5)
  15 ogres
  3 boggarts (D:12)
  11 centaurs
  2 phantoms (D:6)
  A torpor snail zombie (Crypt:3)
  A blink frog skeleton (Crypt:1)
  An elf zombie (Crypt:2)
  2 kobold brigands
  A gnoll sergeant (D:7)
  12 bullfrogs
  An earth elemental (Elf:1)
  5 scorpions
  A glowing shapeshifter simulacrum (Depths:4)
  A salamander skeleton (Crypt:1)
  2 necrophages
  7 wights (D:10)
  A warg zombie (Crypt:2)
  13 killer bees
  A troll skeleton (Crypt:3)
  3 electric eels
  A howler monkey (D:11)
  7 lava snakes (Volcano)
  8 hounds
  3 jellies
  8 small abominations (Lair:5)
  12 orc priests
  A human skeleton (Crypt:2)
  An iguana (D:5)
  A boggart zombie (Crypt:3)
  Natasha (thrice) (D:3)
  29 orc wizards
  9 hell rats
  Terence (D:3)
  A deep dwarf zombie (Crypt:2)
  Robin (D:3)
  12 adders
  6 gnolls
  4 shadow imps
  A white imp (D:5)
  An ufetubus (D:6)
  An iguana zombie (Crypt:2)
  A worm (D:3)
  2 dart slugs
  66 orcs
  7 bats
  8 endoplasms
  20 goblins
  9 hobgoblins
  11 jackals
  2 quokkas
  6 ball pythons
  4 frilled lizards
  A jackal skeleton (Crypt:1)
  18 kobolds
  A quokka zombie (Crypt:3)
  5 rats
  A river rat skeleton (Crypt:1)
  2 fire vortices (Hell)
  A pillar of salt (Desolation)
2351 creatures vanquished.

Vanquished Creatures (collateral kills)
  Parghit (Depths:3)
  2 golden dragons (Depths:4)
  A bone dragon (Depths:4)
  3 tentacled monstrosities
  Rupert (Spider:1)
  3 Orb Guardians (Zot:5)
  2 titans (Vaults:5)
  An Executioner (Depths:1)
  3 shadow dragons (Vaults:5)
  A storm dragon (Depths:3)
  A fire giant (Depths:1)
  A draconian monk (Zot:2)
  2 tengu reavers (Vaults:5)
  2 vault wardens
  A draconian stormcaller (Depths:4)
  An ironbound preserver (Vaults:5)
  3 very ugly things
  A stone giant (Depths:4)
  3 ironbound thunderhulks
  A deep elf demonologist (Vaults:5)
  A white draconian (Zot:4)
  3 entropy weavers
  A yellow draconian (Zot:2)
  2 black draconians
  10 red draconians
  The ghost of MinkTDR the Cleaver, a journeyman MiFi of Makhleb (Orc:2)
  3 purple draconians
  A deep elf death mage (Vaults:5)
  2 ettins
  A crystal guardian (Desolation)
  A deep elf high priest (Vaults:5)
  2 fire dragons
  A vault guard (Vaults:5)
  2 yaktaur captains
  An ice dragon (Depths:1)
  2 spriggan air magi (Depths:1)
  An ironbound frostheart (Vaults:1)
  A boulder beetle (Spider:3)
  A deep troll shaman (Depths:3)
  A deep troll earth mage (Depths:3)
  A sun demon (Hell)
  A hell knight (Depths:1)
  A large abomination (Depths:3)
  2 deep trolls (Depths:3)
  2 orb spiders (Spider:2)
  A glowing orange brain (Vaults:1)
  A wolf spider (Spider:2)
  A necromancer (Hell)
  2 deep elf zephyrmancers (Vaults:5)
  An ugly thing (Vaults:3)
  A guardian serpent (Desolation)
  A torpor snail (Spider:2)
  3 yaktaurs (Vaults:1)
  A tengu conjurer (Depths:1)
  A tarantella (Spider:2)
  3 jumping spiders
  2 culicivoras (Spider:3)
  A fire elemental (Zot:1)
  3 redbacks
101 creatures vanquished.

Vanquished Creatures (others)
  A Killer Klown (Zot:4)
  Asterion (Depths:1)
  A tengu reaver (Vaults:5)
  A draconian knight (Zot:2)
  A draconian scorcher (Zot:4)
  An ironbound preserver (Vaults:5)
  A stone giant (Depths:3)
  A peacekeeper (Desolation)
  2 deep elf knights
  A steelbarb worm (Spider:4)
  A blink frog (Lair:5)
  A redback (Spider:1)
  4 foxfires
  34 fungi
  48 plants
  4 tentacles (Hell)
  8 withered plants
111 creatures vanquished.

Grand Total: 2563 creatures vanquished

Notes
Turn   | Place    | Note
-------+----------+-------------------------------------------
     0 | D:1      | LSt the Gnoll Wanderer began the quest for the Orb.
     0 | D:1      | LSt set off with the following items: a +0 flail, a +0
                  | buckler, a potion of berserk rage, a +0 robe; and the
                  | following spell memorised: Sting; and the following spells
                  | available to memorise: Ignite Poison.
     0 | D:1      | Reached XP level 1. HP: 13/13 MP: 4/4
   420 | D:1      | Reached XP level 2. HP: 19/19 MP: 3/5
  1181 | D:2      | Found Tigopaco's Armour Boutique.
  1184 | D:2      | Reached XP level 3. HP: 25/25 MP: 7/7
  1253 | D:2      | Reached skill level 1 in Invocations
  1753 | D:2      | Bought a +0 pair of gloves for 54 gold pieces
  1851 | D:3      | Reached skill level 1 in Fighting
  1851 | D:3      | Reached skill level 1 in Short Blades
  1851 | D:3      | Reached skill level 1 in Long Blades
  1851 | D:3      | Reached skill level 1 in Axes
  1851 | D:3      | Reached skill level 1 in Polearms
  1851 | D:3      | Reached skill level 1 in Staves
  1851 | D:3      | Reached skill level 1 in Ranged Weapons
  1851 | D:3      | Reached skill level 1 in Dodging
  1851 | D:3      | Reached skill level 1 in Stealth
  1851 | D:3      | Reached skill level 1 in Unarmed Combat
  1851 | D:3      | Reached skill level 1 in Evocations
  1904 | D:3      | Reached XP level 4. HP: 29/32 MP: 5/8
  2027 | D:3      | Found a bloodstained altar of Trog.
  2103 | D:3      | Reached skill level 1 in Conjurations
  2103 | D:3      | Reached skill level 1 in Hexes
  2103 | D:3      | Reached skill level 1 in Summonings
  2103 | D:3      | Reached skill level 1 in Necromancy
  2103 | D:3      | Reached skill level 1 in Translocations
  2103 | D:3      | Reached skill level 1 in Transmutations
  2103 | D:3      | Reached skill level 1 in Fire Magic
  2103 | D:3      | Reached skill level 1 in Ice Magic
  2103 | D:3      | Reached skill level 1 in Air Magic
  2103 | D:3      | Reached skill level 1 in Earth Magic
  2570 | D:3      | Found a faded altar of an unknown god.
  2571 | D:3      | Noticed Terence
  2584 | D:3      | Killed Terence
  2585 | D:3      | Reached XP level 5. HP: 37/37 MP: 6/9
  2607 | D:3      | Noticed Robin
  2649 | D:3      | Killed Robin
  2697 | D:2      | Learned a level 2 spell: Wereblood
  2960 | D:3      | Found a blossoming altar of Fedhas.
  3232 | D:3      | Noticed Natasha
  3290 | D:3      | Killed Natasha
  3291 | D:3      | Reached XP level 6. HP: 44/44 MP: 8/11
  3326 | D:3      | Noticed Natasha
  3331 | D:3      | Killed Natasha
  3332 | D:3      | Reached skill level 5 in Armour
  3598 | D:3      | Noticed Natasha
  3609 | D:3      | Killed Natasha
  3818 | D:4      | Found a snail-covered altar of Cheibriados.
  3828 | D:4      | Became a worshipper of Cheibriados the Contemplative
  4107 | D:4      | Reached XP level 7. HP: 51/51 MP: 9/12
  4176 | D:4      | Reached * piety under Cheibriados
  4617 | D:4      | Learned a level 2 spell: Scorch
  4639 | D:4      | Noticed Pikel
  4661 | D:4      | Killed Pikel
  4662 | D:4      | Reached XP level 8. HP: 27/58 MP: 14/14
  4959 | D:4      | Found an ancient bone altar of Kikubaaqudgha.
  5153 | D:5      | Entered Level 5 of the Dungeon
  5376 | D:5      | Found Dofuiq's Distillery.
  5383 | D:5      | Noticed Edmund
  5399 | D:5      | Learned a level 3 spell: Ignite Poison
  5423 | D:5      | Killed Edmund
  5589 | D:5      | Found a shimmering blue altar of Sif Muna.
  5623 | D:5      | Reached ** piety under Cheibriados
  5759 | D:5      | Noticed a two-headed ogre
  5767 | D:5      | Killed a two-headed ogre
  5768 | D:5      | Reached skill level 5 in Throwing
  5768 | D:5      | Reached skill level 5 in Shields
  5768 | D:5      | Reached skill level 5 in Spellcasting
  5768 | D:5      | Reached XP level 9. HP: 66/66 MP: 8/16
  5783 | D:5      | Learned a level 4 spell: Flame Wave
  6078 | D:5      | Bought a potion of invisibility for 120 gold pieces
  6246 | D:6      | Reached skill level 5 in Invocations
  6706 | D:6      | Found a staircase to the Ecumenical Temple.
  6915 | D:6      | Reached *** piety under Cheibriados
  7231 | D:6      | Reached skill level 5 in Fighting
  7231 | D:6      | Reached skill level 5 in Short Blades
  7231 | D:6      | Reached skill level 5 in Long Blades
  7231 | D:6      | Reached skill level 5 in Axes
  7231 | D:6      | Reached skill level 5 in Polearms
  7231 | D:6      | Reached skill level 5 in Staves
  7231 | D:6      | Reached skill level 5 in Ranged Weapons
  7231 | D:6      | Reached skill level 5 in Dodging
  7231 | D:6      | Reached skill level 5 in Stealth
  7231 | D:6      | Reached skill level 5 in Unarmed Combat
  7231 | D:6      | Reached skill level 5 in Evocations
  7231 | D:6      | Reached XP level 10. HP: 73/74 MP: 18/18
  7647 | D:7      | Identified the +4 robe of Day {Str+4}
  8087 | D:7      | Reached skill level 10 in Maces & Flails
  8718 | D:7      | Reached skill level 5 in Poison Magic
  9126 | D:8      | Found a stormy altar of Qazlal.
 10434 | D:9      | Reached **** piety under Cheibriados
 10502 | D:9      | Learned a level 5 spell: Borgnjor's Vile Clutch
 10559 | D:9      | Found a staircase to the Orcish Mines.
 10685 | D:9      | Found an iron altar of Okawaru.
 10737 | D:10     | Entered Level 10 of the Dungeon
 10791 | D:10     | Found a shadowy altar of Dithmenos.
 10792 | D:10     | Found a broken altar of Ashenzari.
 10792 | D:10     | Found a sparkling altar of Nemelex Xobeh.
 10816 | D:10     | Reached skill level 5 in Conjurations
 10816 | D:10     | Reached skill level 5 in Hexes
 10816 | D:10     | Reached skill level 5 in Summonings
 10816 | D:10     | Reached skill level 5 in Necromancy
 10816 | D:10     | Reached skill level 5 in Translocations
 10816 | D:10     | Reached skill level 5 in Transmutations
 10816 | D:10     | Reached skill level 5 in Fire Magic
 10816 | D:10     | Reached skill level 5 in Ice Magic
 10816 | D:10     | Reached skill level 5 in Air Magic
 10816 | D:10     | Reached skill level 5 in Earth Magic
 10816 | D:10     | Reached XP level 11. HP: 33/81 MP: 21/21
 11054 | D:10     | Found a white marble altar of Elyvilon.
 11194 | D:10     | Noticed Lodul
 11201 | D:10     | Killed Lodul
 11236 | D:10     | Reached ***** piety under Cheibriados
 11416 | D:5      | Bought a potion of resistance for 150 gold pieces
 11416 | D:5      | Bought a potion of heal wounds for 75 gold pieces
 11690 | D:10     | Found a basalt altar of Yredelemnul.
 12745 | D:11     | Noticed Harold
 12764 | D:11     | Killed Harold
 12904 | D:11     | Found a staircase to the Lair.
 12976 | D:11     | Found Sehiysim's Magic Scroll Boutique.
 13001 | D:11     | Found a portal to a secret trove of treasure.
 13110 | D:11     | Noticed a five-headed hydra
 13129 | D:11     | Killed a five-headed hydra
 13230 | D:11     | Noticed a boulder beetle
 13238 | D:11     | Killed a boulder beetle
 13239 | D:11     | Reached XP level 12. HP: 38/91 MP: 23/23
 13446 | D:11     | Noticed a four-headed hydra
 13454 | D:11     | Killed a four-headed hydra
 13508 | D:11     | Noticed a boulder beetle
 13515 | D:11     | Killed a boulder beetle
 13880 | D:11     | Noticed a boulder beetle
 13887 | D:11     | Killed a boulder beetle
 14035 | Lair:1   | Entered Level 1 of the Lair of Beasts
 14172 | Lair:1   | Reached ****** piety under Cheibriados
 14337 | Lair:1   | Noticed Maggie
 14537 | Lair:1   | Noticed a five-headed hydra
 14541 | Lair:1   | Killed a five-headed hydra
 14844 | Lair:1   | Killed Maggie
 15290 | Lair:2   | Reached XP level 13. HP: 77/98 MP: 23/25
 15358 | Lair:2   | Found a dark tunnel.
 15373 | Volcano  | Entered a volcano
 15591 | Volcano  | Found a burning altar of Makhleb.
 15664 | Volcano  | Noticed a red draconian
 15706 | Volcano  | Killed a red draconian
 16102 | Lair:2   | You fall into a shaft and drop 1 floor!
 16166 | Lair:3   | Found a runed translucent gate.
 16166 | Lair:3   | Found a runed translucent gate.
 16166 | Lair:3   | Found a runed translucent gate.
 16166 | Lair:3   | Noticed Henri's ghost (journeyman GrEE)
 16344 | Lair:3   | Reached skill level 10 in Armour
 16357 | Lair:3   | Found a gate leading to a gauntlet.
 16374 | Gauntlet | Entered a Gauntlet
 16374 | Gauntlet | Found a transporter.
 16385 | Gauntlet | Found a transporter.
 16389 | Gauntlet | Found a transporter.
 16394 | Gauntlet | Found a transporter.
 16401 | Gauntlet | Found a transporter.
 16406 | Gauntlet | Found a transporter.
 16410 | Gauntlet | Found a transporter.
 16417 | Gauntlet | Found a transporter.
 16421 | Gauntlet | Found a transporter.
 16426 | Gauntlet | Found a transporter.
 16429 | Gauntlet | Found a runed translucent gate.
 16429 | Gauntlet | Found a runed translucent gate.
 16433 | Gauntlet | Found a runed translucent gate.
 16433 | Gauntlet | Found a transporter.
 16437 | Gauntlet | Found a transporter.
 16442 | Gauntlet | Found a transporter.
 16452 | Gauntlet | Found a transporter.
 16832 | Gauntlet | Reached skill level 10 in Invocations
 16832 | Gauntlet | Reached XP level 14. HP: 30/108 MP: 21/27
 17117 | Gauntlet | Learned a level 3 spell: Mephitic Cloud
 17158 | Lair:3   | Learned a level 6 spell: Eringya's Noxious Bog
 17386 | Lair:3   | Found a hole to the Spider Nest.
 17458 | Lair:2   | Found a runed translucent gate.
 17458 | Lair:2   | Found a runed translucent gate.
 17458 | Lair:2   | Found a runed translucent gate.
 17602 | Lair:2   | Found a staircase to the Swamp.
 18075 | Lair:2   | Noticed dvd2's ghost (journeyman MfIE)
 18075 | Lair:2   | Noticed vvl's ghost (journeyman NaVM)
 18179 | Lair:3   | Killed dvd2's ghost
 18243 | Lair:2   | Killed vvl's ghost
 18402 | Lair:3   | Reached skill level 10 in Throwing
 18402 | Lair:3   | Reached skill level 10 in Shields
 18402 | Lair:3   | Reached skill level 10 in Spellcasting
 18402 | Lair:3   | Reached XP level 15. HP: 115/115 MP: 27/29
 19300 | Lair:4   | Reached skill level 10 in Fighting
 19300 | Lair:4   | Reached skill level 10 in Short Blades
 19300 | Lair:4   | Reached skill level 10 in Long Blades
 19300 | Lair:4   | Reached skill level 10 in Axes
 19300 | Lair:4   | Reached skill level 10 in Polearms
 19300 | Lair:4   | Reached skill level 10 in Staves
 19300 | Lair:4   | Reached skill level 10 in Ranged Weapons
 19300 | Lair:4   | Reached skill level 10 in Dodging
 19300 | Lair:4   | Reached skill level 10 in Stealth
 19300 | Lair:4   | Reached skill level 10 in Unarmed Combat
 19300 | Lair:4   | Reached skill level 10 in Evocations
 19736 | Lair:5   | Entered Level 5 of the Lair of Beasts
 20312 | Lair:5   | Noticed Urug
 20318 | Lair:5   | Killed Urug
 20441 | Lair:5   | Found a viscous altar of Jiyva.
 20442 | Lair:5   | Found a staircase to the Slime Pits.
 20604 | Lair:5   | Identified the +0 scale mail "Wakk" {Dex+2}
 20895 | Lair:5   | Reached XP level 16. HP: 85/123 MP: 30/30
 21002 | Lair:5   | Found a corrupted altar of Lugonu.
 21002 | Lair:5   | Found a one-way gate to the infinite horrors of the Abyss.
 21601 | Orc:1    | Entered Level 1 of the Orcish Mines
 21732 | Orc:2    | Entered Level 2 of the Orcish Mines
 21755 | Orc:2    | Found a staircase to the Elven Halls.
 21833 | Orc:1    | Noticed Erolcha
 21846 | Orc:1    | Killed Erolcha
 22368 | Orc:2    | Found a transporter.
 22392 | Orc:2    | Identified the +7 flail "Piujutis" {freeze, Int+3}
 22418 | Orc:2    | Found a transporter.
 22482 | Orc:2    | Found a bloodstained altar of Trog.
 22482 | Orc:2    | Noticed MinkTDR's ghost (journeyman MiFi)
 22647 | Orc:2    | Found Lukho's Jewellery Emporium.
 22657 | Orc:2    | Found Kuamnaecs's Antique Weapon Shoppe.
 22695 | Orc:2    | Found a radiant altar of Vehumet.
 22722 | Orc:2    | Found Alorarrao's Magic Scroll Shoppe.
 22748 | Orc:2    | Found an ancient bone altar of Kikubaaqudgha.
 22803 | Orc:2    | Found Uppoet's Distillery.
 23896 | D:12     | You fall into a shaft and drop 2 floors!
 25390 | D:14     | Identified the +0 helmet of Wu Jian's Favour {Rampage Will+
                  | Int+3}
 25630 | D:14     | Identified the +10 hand axe of Tysigelu {pain, rPois rN+
                  | Stlth+}
 25971 | D:14     | Found Qasiphej's Magic Scroll Boutique.
 26332 | D:14     | Found a gate to the Vaults.
 26378 | D:15     | Entered Level 15 of the Dungeon
 26487 | D:15     | Reached XP level 17. HP: 131/131 MP: 32/32
 26666 | D:15     | Found a staircase to the Depths.
 26906 | D:15     | Reached skill level 10 in Poison Magic
 27735 | Spider:1 | Entered Level 1 of the Spider Nest
 28389 | Spider:1 | Paralysed by a jorogumo for 1 turns
 28392 | Spider:1 | Reached skill level 10 in Conjurations
 28392 | Spider:1 | Reached skill level 10 in Hexes
 28392 | Spider:1 | Reached skill level 10 in Summonings
 28392 | Spider:1 | Reached skill level 10 in Necromancy
 28392 | Spider:1 | Reached skill level 10 in Translocations
 28392 | Spider:1 | Reached skill level 10 in Transmutations
 28392 | Spider:1 | Reached skill level 10 in Fire Magic
 28392 | Spider:1 | Reached skill level 10 in Ice Magic
 28392 | Spider:1 | Reached skill level 10 in Air Magic
 28392 | Spider:1 | Reached skill level 10 in Earth Magic
 29020 | Spider:1 | Noticed Rupert
 29025 | Spider:1 | Killed Rupert
 29309 | Spider:1 | Learned a level 6 spell: Summon Cactus Giant
 29877 | Spider:2 | Noticed Arachne
 29888 | Spider:2 | Killed Arachne
 29889 | Spider:2 | Reached XP level 18. HP: 128/140 MP: 28/34
 31400 | Spider:4 | Entered Level 4 of the Spider Nest
 31603 | Spider:4 | Noticed Kirke
 31615 | Spider:4 | Killed Kirke
 31892 | Spider:4 | Reached skill level 15 in Maces & Flails
 32538 | Spider:4 | Got a gossamer rune of Zot
 32803 | Spider:4 | Noticed Mlioglotl
 33346 | Spider:4 | Killed Mlioglotl
 33757 | Swamp:1  | Entered Level 1 of the Swamp
 34173 | Swamp:1  | Noticed Donald
 34190 | Swamp:1  | Killed Donald
 34460 | Swamp:1  | Found a runed translucent door.
 35045 | Swamp:2  | Reached XP level 19. HP: 125/149 MP: 25/36
 35898 | Swamp:3  | Noticed Roxanne
 36186 | Swamp:3  | Identified the +2 pair of boots of the Planets {Regen+}
 36904 | Swamp:4  | Entered Level 4 of the Swamp
 37021 | Swamp:4  | Noticed a tentacled monstrosity
 37041 | Swamp:4  | Killed a tentacled monstrosity
 37740 | Swamp:4  | Got a decaying rune of Zot
 37842 | Swamp:4  | Got the Octavo of Necromancy
 38429 | Vaults:1 | Entered Level 1 of the Vaults
 38516 | Vaults:1 | Found a crumbling gateway.
 38557 | Desolati | Entered the Desolation of Salt
 38781 | Desolati | Identified the ring of Quzxid {Will+ Str-5 Int+4 SInv
                  | Stlth+}
 38785 | Desolati | Identified the +7 quarterstaff of Wiapt {pain, rC- rCorr
                  | Int+4}
 38856 | Desolati | Identified the +0 pair of boots of Theory {Str+6}
 38954 | Desolati | Identified the +8 long sword "Maemuda" {spect, Str+2}
 38983 | Desolati | Identified the +9 rapier of Qeblomyr {vorpal, rElec rPois
                  | Stlth+}
 39155 | Desolati | Identified the +7 scale mail of the Dice {rPois rN+ Int+7}
 39236 | Desolati | Reached XP level 20. HP: 121/158 MP: 38/38
 39444 | Desolati | Identified the +1 ice dragon scales "Bimizodgh" {rF- rC++
                  | Int+5}
 39447 | Desolati | Identified the ring of Osuexto {rPois rN+ Dex+2}
 39497 | Desolati | Got the Incunabulum of Incandescent Blasting
 39501 | Desolati | Got Cinkyuhi's Essays on Evil Rites
 39504 | Desolati | Got the Tome of Imprecation and Impurities
 39626 | Desolati | Reached skill level 15 in Invocations
 40226 | Vaults:1 | Learned a level 6 spell: Death Channel
 42419 | Vaults:2 | Noticed Xtahua
 42623 | Vaults:2 | Reached skill level 15 in Armour
 43160 | Vaults:2 | Reached XP level 21. HP: 166/166 MP: 39/39
 43228 | Vaults:2 | Identified the +6 morningstar of Lies {vorpal, rCorr}
 43521 | Elf:1    | Entered Level 1 of the Elven Halls
 43605 | Elf:1    | Found Lovvior's Assorted Antiques.
 43676 | Elf:1    | Identified the +1 leather armour "Xujykeyl" {Int+2 Stlth+}
 43817 | Elf:1    | Got the Spellbook of the Magi
 44121 | Elf:1    | Found Pututiluch's One-of-a-Kind Rings.
 44400 | Elf:1    | Got Kiysiut's Reference Book on the Welkin
 44634 | Elf:1    | Learned a level 5 spell: Freezing Cloud
 45142 | Vaults:3 | Reached skill level 15 in Spellcasting
 45316 | Vaults:3 | Reached skill level 15 in Throwing
 45316 | Vaults:3 | Reached skill level 15 in Shields
 45922 | Vaults:3 | Found a staircase to the Crypt.
 46198 | Vaults:4 | Reached skill level 15 in Fighting
 46198 | Vaults:4 | Reached skill level 15 in Short Blades
 46198 | Vaults:4 | Reached skill level 15 in Long Blades
 46198 | Vaults:4 | Reached skill level 15 in Axes
 46198 | Vaults:4 | Reached skill level 15 in Polearms
 46198 | Vaults:4 | Reached skill level 15 in Staves
 46198 | Vaults:4 | Reached skill level 15 in Ranged Weapons
 46198 | Vaults:4 | Reached skill level 15 in Dodging
 46198 | Vaults:4 | Reached skill level 15 in Stealth
 46198 | Vaults:4 | Reached skill level 15 in Unarmed Combat
 46198 | Vaults:4 | Reached skill level 15 in Evocations
 46479 | Vaults:4 | Found Bowyw's Antique Weapon Emporium.
 46496 | Vaults:4 | Reached XP level 22. HP: 175/175 MP: 36/41
 46646 | Vaults:4 | Identified the +0 pair of gloves of the Vacuum {rN+}
 47010 | Vaults:4 | Identified the +6 shortbow "Tujot" {venom, Drain rElec rC++
                  | rCorr}
 47965 | Crypt:1  | Entered Level 1 of the Crypt
 48078 | Crypt:1  | Learned a level 5 spell: Irradiate
 49082 | Crypt:2  | Identified a scroll of acquirement
 50201 | D:11     | You paid a toll of 18 scrolls of teleportation to enter a
                  | treasure trove
 50202 | Trove    | Entered a treasure trove
 50204 | Trove    | Found the +6 arbalest "Damnation" {damnation}
 50212 | Trove    | Identified the +7 hand axe of Might {freeze, Int+3}
 50218 | Trove    | Identified the +4 scimitar "Jellybane" {spect, rN++ Str-2
                  | SInv}
 50224 | Trove    | Identified the +6 executioner's axe "Ultimatum" {protect,
                  | rN+ Str-2 Int+5}
 50278 | D:11     | Bought a scroll of teleportation for 54 gold pieces
 50357 | D:14     | Bought a scroll of teleportation for 39 gold pieces
 50681 | Crypt:2  | Acquired a book of the Spheres
 50691 | Crypt:2  | Learned a level 7 spell: Orb of Destruction
 50812 | Crypt:2  | Noticed a royal mummy
 51030 | Crypt:2  | Noticed a royal mummy
 51046 | Crypt:2  | Killed a royal mummy
 51135 | Crypt:2  | Killed a royal mummy
 51164 | Crypt:2  | Noticed a royal mummy
 51164 | Crypt:2  | Found the +7 sceptre of Torment {pain, torment}
 51178 | Crypt:2  | Killed a royal mummy
 51461 | Crypt:3  | Entered Level 3 of the Crypt
 51469 | Crypt:3  | Noticed Bai Suzhen
 51474 | Crypt:3  | Killed Bai Suzhen
 51559 | Crypt:3  | Identified the +0 chain mail of the Eight Boll Weevils {rF+
                  | Will+ Int+2 Slay+3}
 52085 | Crypt:3  | Found a staircase to the Tomb.
 52297 | Crypt:3  | Reached XP level 23. HP: 183/183 MP: 43/43
 52712 | Crypt:3  | Noticed a curse toe
 52720 | Crypt:3  | Killed a curse toe
 52778 | Crypt:3  | Found a basalt altar of Yredelemnul.
 52782 | Crypt:3  | Got Resylenni's Atlas of Gloom
 52786 | Crypt:3  | Found an ancient bone altar of Kikubaaqudgha.
 52812 | Crypt:3  | Got the Folio of Meteoric Beguiling
 53504 | Vaults:2 | Killed Xtahua
 54460 | Depths:1 | Entered Level 1 of the Depths
 54521 | Depths:1 | Noticed the Enchantress
 54620 | D:15     | Killed the Enchantress
 54765 | Depths:1 | Found a gateway to a bazaar.
 54835 | Depths:1 | Found a gateway to Hell.
 55063 | Depths:1 | Found a white marble altar of Elyvilon.
 55065 | Depths:1 | Found a hide-covered altar of Uskayaw.
 55065 | Depths:1 | Found a white marble altar of Elyvilon.
 55067 | Depths:1 | Found a shimmering altar of Xom.
 55067 | Depths:1 | Found a snail-covered altar of Cheibriados.
 55067 | Depths:1 | Found a sparkling altar of Nemelex Xobeh.
 55163 | Depths:1 | Found a broken altar of Ashenzari.
 55271 | Depths:1 | Noticed Asterion
 55280 | Depths:1 | Killed Asterion
 55441 | Depths:2 | Found Erigab's General Store.
 55600 | Depths:2 | Found a sacrificial altar of Ru.
 55656 | Depths:2 | Found Tigaut's Antique Armour Shoppe.
 55676 | Depths:2 | Found Seferis's Armour Boutique.
 55677 | Depths:2 | Found Suxil's Assorted Antiques.
 56010 | Depths:2 | Found a one-way gate leading to the halls of Pandemonium.
 56065 | Depths:2 | Found Komou's Assorted Antiques.
 56351 | Depths:2 | Reached XP level 24. HP: 193/193 MP: 43/43
 56462 | Depths:2 | Noticed a caustic shrike
 56465 | Depths:2 | Killed a caustic shrike
 56778 | Depths:3 | Noticed Parghit
 56783 | Depths:3 | Killed Parghit
 57358 | Lair:3   | Killed Henri's ghost
 57668 | Orc:2    | Killed MinkTDR's ghost
 57884 | Swamp:3  | Killed Roxanne
 58223 | Elf:2    | Found a runed translucent gate.
 58223 | Elf:2    | Found a runed translucent gate.
 58223 | Elf:2    | Found a runed translucent gate.
 59180 | Elf:3    | Entered Level 3 of the Elven Halls
 59304 | Elf:3    | Got the Secrets of Arcane Weapons and the Crypt
 59424 | Elf:3    | Identified the ring "Xutaxkim" {rPois rC+++ Will+ Int-2
                  | Dex+6}
 59441 | Elf:3    | Found an ancient bone altar of Kikubaaqudgha.
 59496 | Elf:3    | Identified the +5 scimitar of Quick Death {vorpal, Dex+4}
 59666 | Elf:3    | Identified the +7 arbalest "Ciod Juy" {flame, Will+ Int+4}
 59667 | Elf:3    | Identified the ring "Meguytt" {Fly rElec Str+4 Int-3 Dex+9}
 59695 | Elf:3    | Got the Atlas of Conflict
 59781 | Elf:3    | Identified the +11 dagger "Vaal" {speed, rPois}
 59804 | Elf:3    | Identified the +8 mace of Arbitration {freeze, Will- Int+3
                  | Dex+4}
 60475 | Depths:3 | Reached XP level 25. HP: 201/201 MP: 44/44
 60598 | Depths:3 | Found a corrupted altar of Lugonu.
 61201 | Depths:3 | Noticed Mara
 61212 | Depths:3 | Noticed LSt's illusion
 61215 | Depths:3 | Killed Mara
 61647 | Depths:3 | Identified the +5 flail "Gram" {speed, rC- Str+7}
 61660 | Depths:3 | You fall into a shaft and drop 1 floor!
 61660 | Depths:4 | Entered Level 4 of the Depths
 61695 | Depths:4 | Reached skill level 15 in Poison Magic
 62023 | Depths:4 | Found a one-way gateway to a ziggurat.
 62535 | Depths:4 | Found a gate to the Realm of Zot.
 62606 | Depths:4 | Reached skill level 15 in Conjurations
 62606 | Depths:4 | Reached skill level 15 in Hexes
 62606 | Depths:4 | Reached skill level 15 in Summonings
 62606 | Depths:4 | Reached skill level 15 in Necromancy
 62606 | Depths:4 | Reached skill level 15 in Translocations
 62606 | Depths:4 | Reached skill level 15 in Transmutations
 62606 | Depths:4 | Reached skill level 15 in Fire Magic
 62606 | Depths:4 | Reached skill level 15 in Ice Magic
 62606 | Depths:4 | Reached skill level 15 in Air Magic
 62606 | Depths:4 | Reached skill level 15 in Earth Magic
 62750 | Depths:4 | Identified the ring "Bebanne" {Ice rN+ Int+3 Dex+3 SInv}
 62750 | Depths:4 | Noticed Josephina
 62764 | Depths:4 | Killed Josephina
 62892 | Depths:4 | Found a shadowy altar of Dithmenos.
 63597 | Vaults:5 | Entered Level 5 of the Vaults
 63619 | Vaults:5 | Reached XP level 26. HP: 159/211 MP: 32/45
 64373 | Vaults:5 | Identified the +5 scimitar of Famine {venom, rElec rN++
                  | Dex-2 SInv}
 64386 | Vaults:5 | Identified the +10 arbalest "Mosuq" {venom, rN+ Stlth+}
 64413 | Vaults:5 | Noticed a dread lich
 64424 | Vaults:5 | Killed a dread lich
 64467 | Vaults:5 | Identified the +7 ring mail of the Skies Above {rF- rN+
                  | Will++ Stlth+}
 64592 | Vaults:5 | Noticed a dread lich
 64609 | Vaults:5 | Killed a dread lich
 64613 | Vaults:5 | Identified the amulet of Nyegulej {RegenMP rElec rF+++
                  | Int-4 Dex-3}
 64692 | Vaults:5 | Identified the +6 trident of Chaos {flame, Int+2 Dex+4}
 64777 | Vaults:5 | Identified the +9 great sword "Focwigoh" {pain, +Blink rF+
                  | Str+2}
 64845 | Vaults:5 | Got a silver rune of Zot
 64856 | Vaults:5 | Identified the ring of Bichit {Fly rElec rF- AC+4}
 64886 | Vaults:5 | Identified the amulet of Mistrust {Acrobat Harm Drain rPois
                  | Stlth+}
 65377 | Bazaar   | Entered a bazaar
 65377 | Bazaar   | Found Yttorhu's Assorted Antiques.
 65377 | Bazaar   | Found Dynoamu's Book Emporium.
 65379 | Bazaar   | Found Kais's Assorted Antiques.
 65395 | Bazaar   | Found Kosogayk's Armour Emporium.
 65415 | Bazaar   | Bought a scroll of acquirement for 1508 gold pieces
 65419 | Bazaar   | Bought a scroll of summoning for 228 gold pieces
 65419 | Bazaar   | Bought a scroll of teleportation for 72 gold pieces
 65419 | Bazaar   | Bought a potion of mutation for 192 gold pieces
 65421 | Bazaar   | Bought a pair of glowing gloves for 180 gold pieces
 65426 | Bazaar   | Bought a potion of heal wounds for 145 gold pieces
 65432 | Bazaar   | Bought a book of the Wilderness for 532 gold pieces
 65440 | Bazaar   | Learned a level 2 spell: Passwall
 65446 | Bazaar   | Learned a level 5 spell: Summon Mana Viper
 65540 | Depths:2 | Bought a scroll of brand weapon for 285 gold pieces
 66400 | Orc:2    | Bought a potion of heal wounds for 60 gold pieces
 66400 | Orc:2    | Bought a potion of resistance for 120 gold pieces
 66400 | Orc:2    | Bought a potion of berserk rage for 60 gold pieces
 66637 | D:14     | Bought a scroll of enchant weapon for 97 gold pieces
 67431 | Depths:1 | Acquired the amulet "Tuedgh" {Faith -Tele Fragile Will+++
                  | Dex+5}
 67533 | Hell     | Entered the Vestibule of Hell
 67534 | Hell     | Noticed Geryon
 67966 | Hell     | Killed Geryon
 68175 | Hell     | Found a gateway to the Iron City of Dis.
 68286 | Hell     | Found a gateway to the freezing wastes of Cocytus.
 68312 | Hell     | Found a gateway to the decaying netherworld of Tartarus.
 68371 | Hell     | Found a gateway to the ashen valley of Gehenna.
 68617 | Zot:1    | Entered Level 1 of the Realm of Zot
 68707 | Zot:1    | Reached XP level 27. HP: 202/219 MP: 45/45
 69521 | Zot:1    | Identified the +9 falchion "Qurefeng" {flame, rPois rF+
                  | rC+}
 70231 | Zot:2    | Identified the +2 quarterstaff "Demiq" {vorpal, rPois}
 70335 | Zot:2    | Identified the +8 mace of Makhleb's Reproof {flame, MP+9}
 71567 | Zot:3    | Learned a level 7 spell: Haunt
 71960 | Zot:4    | Noticed a juggernaut
 71969 | Zot:4    | Killed a juggernaut
 73563 | Zot:5    | Entered Level 5 of the Realm of Zot
 75288 | Zot:5    | Noticed a dread lich
 75297 | Zot:5    | Killed a dread lich
 75337 | Zot:5    | Noticed an orb of fire
 75353 | Zot:5    | Noticed an orb of fire
 75355 | Zot:5    | Gained mutation: You occasionally shout uncontrollably at
                  | your foes. [an orb of fire]
 75358 | Zot:5    | Killed an orb of fire
 75363 | Zot:5    | Gained mutation: You are clumsy. (Dex -2) [an orb of fire]
 75368 | Zot:5    | Killed an orb of fire
 75651 | Zot:4    | Lost mutation: You are clumsy. (Dex -2) [potion of
                  | mutation]
 75651 | Zot:4    | Lost mutation: You occasionally shout uncontrollably at
                  | your foes. [potion of mutation]
 75651 | Zot:4    | Gained mutation: Your magical capacity is low. (-10% MP)
                  | [potion of mutation]
 75651 | Zot:4    | Gained mutation: You possess an exceptional clarity of
                  | mind. [potion of mutation]
 75666 | Zot:5    | Noticed a dread lich
 75676 | Zot:5    | Killed a dread lich
 75704 | Zot:5    | Noticed an orb of fire
 75715 | Zot:5    | Gained mutation: You are frail. (-10% HP) [an orb of fire]
 75717 | Zot:5    | Killed an orb of fire
 75769 | Zot:5    | Noticed an ancient lich
 75785 | Zot:5    | Killed an ancient lich
 75881 | Zot:4    | Lost mutation: You are frail. (-10% HP) [potion of
                  | mutation]
 75881 | Zot:4    | Lost mutation: Your magical capacity is low. (-10% MP)
                  | [potion of mutation]
 75881 | Zot:4    | Gained mutation: You have a pair of small horns on your
                  | head. [potion of mutation]
 75881 | Zot:4    | Gained mutation: You are strong-willed. (Will+) [potion of
                  | mutation]
 75881 | Zot:4    | Gained mutation: You are robust. (+10% HP) [potion of
                  | mutation]
 75968 | Zot:5    | Noticed a dread lich
 75974 | Zot:5    | Killed a dread lich
 76073 | Zot:5    | Noticed an orb of fire
 76090 | Zot:5    | Lost mutation: You have a pair of small horns on your head.
                  | [an orb of fire]
 76095 | Zot:5    | Killed an orb of fire
 76188 | Zot:5    | Noticed a dread lich
 76189 | Zot:5    | Noticed an ancient lich
 76195 | Zot:5    | Killed a dread lich
 76210 | Zot:5    | Killed an ancient lich
 76277 | Zot:5    | Got the Orb of Zot
 76501 | Depths:1 | Noticed Orcherr the pandemonium lord
 76510 | Depths:1 | Killed Orcherr the pandemonium lord
 76874 | D:$      | Escaped with the Orb!

Illustrated notes

Levels and vault maps discovered:
D:1:      beargit_arrival_diablo_church, layout_basic
D:2:      minmay_spotlight, layout_rooms, serial_shops, shop,
          nicolae_elevator_lobby_plus
D:3:      layout_loops_ring, fedhas_altar_3, trog_antimagical,
          ebering_ecumenical_altar_webs, dreamdust_princess_corridor,
          kennysheep_cross_bottleneck, uniq_robin, uniq_terence, uniq_natasha
D:4:      layout_basic, mainiacjoe_overflow_large_starburst, nrook_campfire,
          minmay_misc_feat_x, uniq_pikel
D:5:      layout_loops_cross, kennysheep_little_box, serial_shops, shop,
          uniq_edmund
D:6:      layout_loops_corners, minmay_temple_entry_nine_rooms,
          minmay_unpleasant_kobolds
D:7:      layout_basic
D:8:      layout_layer_cave, mainiacjoe_overflow_alcove_4, glass_columns_b
D:9:      layout_rooms, okawaru_altar_gauntlet_db, orc_0_dummy
D:10:     layout_basic, yredelemnul_altar_generic, grunt_temple_overflow_open,
          uniq_lodul
D:11:     cheibrodos_barr_body, layout_cave_pools, lair_entry_dummy,
          serial_shops, nicolae_shop_statue_plus,
          nicolae_trove_entry_path_of_doom, uniq_harold
D:12:     layout_basic, hive_lemuel
D:13:     layout_loops_ring, special_room [special_room_orc]
D:14:     layout_layer_cave, david_vaults_5, serial_shops, shop_coins,
          minmay_misc_feat_plants
D:15:     hangedman_depths_entry_civil_slaughter, layout_irregular_city,
          nicolae_eternal_life
Lair:1:   layout_loops_ring, uniq_maggie
Lair:2:   layout_hall_layers, nicolae_swamp_entry_splash_gauntlet,
          gammafunk_ghost_cemetery, nicolae_volcano_entry_lava_flow,
          eino_small_chamber_without_monster, lemuel_fruit_tree
Lair:3:   layout_gridlike, nicolae_spider_entry_orb_guardian,
          gauntlet_entry_generic, ebering_ghost_rock_garden, grunt_megastairs_3
Lair:4:   layout_gridlike
Lair:5:   hellmonk_lair_end_abyssal_woods, layout_gridlike,
          minmay_slime_entry_eyes, st_stairs_3, disabler_island, uniq_urug
Swamp:1:  gammafunk_mikee_crab_dinner, layout_basic_swamp, serial_swamp_ruin,
          evilmike_swamp_ruin_house_1, evilmike_swamp_ruin_wall, swamp_pool3,
          infiniplex_staircase_pool_2, uniq_donald
Swamp:2:  layout_falls_marsh, wheals_swamp_sinkhole, swamp_pool3,
          nicolae_swamp_bunyip_nook, infiniplex_staircase_pool
Swamp:3:  layout_basic_swamp, nicolae_swamp_trees_clearing, uniq_roxanne
Swamp:4:  swamp_vile, layout_basic_swamp
Spider:1: nicolae_spider_hilbert_zone_3 [nicolae_spider_hilbert_4_sides_2_open,
          nicolae_spider_hilbert_3_sides_1_open,
          nicolae_spider_hilbert_3_sides_1_open,
          nicolae_spider_hilbert_3_sides_1_open,
          nicolae_spider_hilbert_3_sides_1_open,
          nicolae_spider_hilbert_4_sides_1_open,
          nicolae_spider_hilbert_4_sides_1_open,
          nicolae_spider_hilbert_4_sides_1_open,
          nicolae_spider_hilbert_4_sides_1_open,
          nicolae_spider_hilbert_4_sides_1_open,
          nicolae_spider_hilbert_4_sides_1_open,
          nicolae_spider_hilbert_4_sides_1_open,
          nicolae_spider_hilbert_4_sides_1_open,
          nicolae_spider_hilbert_3_sides_1_open,
          nicolae_spider_hilbert_3_sides_1_open,
          nicolae_spider_hilbert_3_sides_1_open,
          nicolae_spider_hilbert_3_sides_1_open], uniq_rupert
Spider:2: layout_spider_delve, uniq_arachne
Spider:3: layout_spider_delve
Spider:4: hellmonk_spider_rune_bug_friends, uniq_kirke, uniq_mlioglotl
Orc:1:    layout_diamond_mine, nicolae_orc_crystal_geode, uniq_erolcha
Orc:2:    kennysheep_orc_mage_school, layout_caves,
          gammafunk_ghost_wrathful_warriors, basic_altar
Elf:1:    layout_loops_corners, serial_shops, nicolae_lakefront_shop,
          minmay_elf_annihilation, nicolae_shop_unique_rings,
          hangedman_elf_represent
Elf:2:    nicolae_elf_blades_crystal_corner, layout_rooms, glass_columns_b,
          minivault_16
Elf:3:    grunt_elf_hall_diamonds, layout_rooms, basic_altar, minivault_16
Vaults:1: portal_desolation_entry_garden, ontoclasm_vaults_gateway,
          vaults_standard_mumra_x, v_alt_pattern_2,
          nicolae_vaults_border_crossing, nicolae_vaults_mini_display_case,
          nicolae_vaults_alarming, hangedman_vaults_river_flow, v_misc_16,
          v_misc_8, ontoclasm_vaults_decontamination, nicolae_vaults_theta,
          layout_vaults_chaotic_city
Vaults:2: nicolae_vaults_triangles, ontoclasm_vaults_claustrophobia,
          nicolae_vaults_windows_and_doors_thing, v_pattern_3, vaults_dpeg_ring,
          vaults_room_semicircle, grunt_vaults_diagonal,
          nicolae_vaults_asterisk, vaults_room_stairs_pillars,
          layout_vaults_omnigrid, uniq_xtahua
Vaults:3: hangedman_vaults_maws, grunt_vaults_swirl, vaults_mumra_minichess,
          vaults_room_grunt_arrival_checkpoint, nicolae_vaults_what_the_h,
          minmay_crypt_entry_simple_corners, nicolae_vaults_yaktaur_gun_rack,
          vaults_mumra_chevron_long, v_misc_25, v_misc_8,
          nicolae_vaults_murderbox, vaults_room_pools, layout_vaults_ring
Vaults:4: nicolae_vaults_ninety_degrees, st_spiral_rooms,
          ontoclasm_vaults_ring_small, nicolae_vaults_little_squares_5,
          hangedman_vaults_pinch, vaults_mumra_chevron, vaults_room_door_hall,
          vaults_dpeg_doors, layout_vaults_omnibox, serial_shops, shop
Vaults:5
Crypt:1:  layout_catacombs, uniq_margery
Crypt:2:  minmay_guarded_unrand_sceptre_of_torment, layout_regular_city,
          grunt_ministairs_13
Crypt:3:  lightli_unholy_cathedral, layout_chaotic_city,
          tomb_entry_shell_bobbens, columned_hall_lemuel, chequers_big_river,
          uniq_bai_suzhen
Depths:1: layout_forbidden_donut, serial_shops, bzr_entry_road, pf_coc_iceberg,
          evilmike_ruin_ashenzari, doesnt_xom_only_xom, uniq_enchantress,
          uniq_asterion
Depths:2: minmay_the_grid_triangle_9x9_recursive_3
          [minmay_the_grid_triangle_9x9_corruption,
          minmay_the_grid_triangle_9x9_skeleton,
          minmay_the_grid_triangle_9x9_steps,
          minmay_the_grid_triangle_9x9_prize_center,
          minmay_the_grid_triangle_9x9_negative_grid,
          minmay_the_grid_triangle_9x9_limited_checkers,
          minmay_the_grid_triangle_9x9_zippers_horizontal,
          minmay_the_grid_triangle_9x9_zippers_vertical,
          minmay_the_grid_triangle_9x9_windchime], layout_basic,
          rand_demon_pan_entry_8, hell_entry, serial_shops,
          nicolae_stop_n_shop_2, shop, shop_fountains, shop,
          nicolae_shop_window_shopping, nicolae_ru_path_of_blood
Depths:3: kennysheep_snake, layout_basic, hangedman_decor_points,
          grunt_pan_entry_spiral, abyss_entry_flame_altar,
          pf_vacation_house_of_asmodeus, infiniplex_staircase_hallway_doors,
          uniq_mara, uniq_parghit
Depths:4: grunt_crosshair, layout_honeycomb, enter_ziggurat_f, hell_entry,
          abyss_entry_small_statue_room, grunt_dithmenos_smoke_and_mirrors,
          dispersion_dpeg, uniq_josephina
Hell
Zot:1:    lemuel_firehouse, layout_concentric_octagons, skrybe_zot_glass_2
Zot:2:    layout_cathedral_of_symmetry, st_stairs_4
Zot:3:    layout_twisted_circle
Zot:4:    ebering_greatest_show_in_zot, layout_basic, zot_minivault_8
Zot:5:    layout_misc_corridors

Skill      XL: |  1  2  3  4  5  6  7  8  9 10 11 12 13 14 15 16 17 18 19 20 21 22 23 24 25 26 27 |
---------------+----------------------------------------------------------------------------------+-----
Poison Magic   | 2 3 4 5 6 7 8 9 10 11 12 13 14 15 17 | 17.3
Invocations    | 1 2 3 4 5 6 7 8 10 11 12 13 14 15 16 17 18 19 20 21 | 21.7
Fighting       | 1 2 3 4 5 6 7 8 9 10 11 12 13 14 15 16 17 18 20 | 20.1
Short Blades   | 1 2 3 4 5 6 7 8 9 10 11 12 13 14 15 16 17 18 20 | 20.1
Long Blades    | 1 2 3 4 5 6 7 8 9 10 11 12 13 14 15 16 17 18 20 | 20.1
Axes           | 1 2 3 4 5 6 7 8 9 10 11 12 13 14 15 16 17 18 20 | 20.1
Polearms       | 1 2 3 4 5 6 7 8 9 10 11 12 13 14 15 16 17 18 20 | 20.1
Staves         | 1 2 3 4 5 6 7 8 9 10 11 12 13 14 15 16 17 18 20 | 20.1
Ranged Weapons | 1 2 3 4 5 6 7 8 9 10 11 12 13 14 15 16 17 18 20 | 20.1
Dodging        | 1 2 3 4 5 6 7 8 9 10 11 12 13 14 15 16 17 18 20 | 20.1
Stealth        | 1 2 3 4 5 6 7 8 9 10 11 12 13 14 15 16 17 18 20 | 20.1
Unarmed Combat | 1 2 3 4 5 6 7 8 9 10 11 12 13 14 15 16 17 18 20 | 20.1
Evocations     | 1 2 3 4 5 6 7 8 9 10 11 12 13 14 15 16 17 18 20 | 20.1
Spellcasting   | 3 4 5 6 7 8 9 10 11 12 13 14 15 16 17 18 20 | 20.2
Conjurations   | 1 2 3 4 5 6 7 8 9 10 11 12 13 14 15 17 | 17.1
Hexes          | 1 2 3 4 5 6 7 8 9 10 11 12 13 14 15 17 | 17.1
Summonings     | 1 2 3 4 5 6 7 8 9 10 11 12 13 14 15 17 | 17.1
Necromancy     | 1 2 3 4 5 6 7 8 9 10 11 12 13 14 15 17 | 17.1
Translocations | 1 2 3 4 5 6 7 8 9 10 11 12 13 14 15 17 | 17.1
Transmutations | 1 2 3 4 5 6 7 8 9 10 11 12 13 14 15 17 | 17.1
Fire Magic     | 1 2 3 4 5 6 7 8 9 10 11 12 13 14 15 17 | 17.1
Ice Magic      | 1 2 3 4 5 6 7 8 9 10 11 12 13 14 15 17 | 17.1
Air Magic      | 1 2 3 4 5 6 7 8 9 10 11 12 13 14 15 17 | 17.1
Earth Magic    | 1 2 3 4 5 6 7 8 9 10 11 12 13 14 15 17 | 17.1
Throwing       | 3 4 5 6 7 8 9 10 11 12 13 14 15 16 17 18 20 | 20.2
Shields        | 3 4 5 6 7 8 9 10 11 12 13 14 15 16 17 18 20 | 20.2
Armour         | 5 6 7 8 9 10 11 12 13 14 15 16 17 18 19 20 | 20.5
Maces & Flails | 9 10 11 12 13 14 15 16 17 18 19 20 21 | 21.4

Action                   |  1- 3 |  4- 6 |  7- 9 | 10-12 | 13-15 | 16-18 | 19-21 | 22-24 | 25-27 || total
-------------------------+-------+-------+-------+-------+-------+-------+-------+-------+-------++-------
Melee: Flail             |     4 |       |       |       |       |       |       |       |       ||     4
       Whip              |    58 |    41 |     4 |       |       |       |       |       |       ||   103
       Bite              |     6 |     8 |    28 |    44 |    81 |   228 |   234 |   135 |   277 ||  1041
       Morningstar       |       |    85 |   110 |       |       |       |       |       |       ||   195
       Unarmed           |       |     3 |       |       |       |       |       |       |       ||     3
       Dire flail        |       |       |    85 |   350 |   444 |  1205 |    98 |   296 |       ||  2478
       Dagger            |       |       |       |       |       |     1 |       |       |       ||     1
       Hand axe          |       |       |       |       |       |       |   789 |    47 |       ||   836
       Double sword      |       |       |       |       |       |       |    92 |       |       ||    92
       War axe           |       |       |       |       |       |       |    26 |       |       ||    26
       Long sword        |       |       |       |       |       |       |    83 |       |       ||    83
       Rapier            |       |       |       |       |       |       |    46 |    28 |       ||    74
       Executioner's axe |       |       |       |       |       |       |       |   194 |   164 ||   358
       Eveningstar       |       |       |       |       |       |       |       |   167 |   640 ||   807
       Punch             |       |       |       |       |       |       |       |    23 |   116 ||   139
       Great mace        |       |       |       |       |       |       |       |       |   380 ||   380
       Headbutt          |       |       |       |       |       |       |       |       |     9 ||     9
 Fire: Sling             |    22 |    37 |    35 |       |       |       |    13 |       |       ||   107
       Shortbow          |       |       |     4 |    55 |       |       |       |       |       ||    59
       Arbalest          |       |       |       |    27 |   146 |   466 |    33 |   559 |   370 ||  1601
       Hand crossbow     |       |       |       |       |       |       |   164 |    18 |       ||   182
Throw: Stone             |     1 |     3 |     2 |       |       |       |       |       |       ||     6
       Dart              |       |       |     4 |       |       |     2 |       |       |       ||     6
       Boomerang         |       |       |       |    51 |    96 |   123 |   146 |    41 |   180 ||   637
       Javelin           |       |       |       |       |     6 |    75 |    32 |    51 |    28 ||   192
 Cast: Sting             |    20 |    22 |    18 |    34 |       |       |       |       |       ||    94
       Wereblood         |       |       |     8 |    12 |     6 |    14 |       |       |     2 ||    42
       Scorch            |       |       |     2 |    10 |       |       |       |       |       ||    12
       Ignite Poison     |       |       |     4 |     5 |     3 |     6 |    26 |     1 |     4 ||    49
       Flame Wave        |       |       |     2 |     1 |       |     1 |     1 |       |       ||     5
       Mephitic Cloud    |       |       |       |       |     3 |    20 |    38 |     1 |       ||    62
       Eringya's Noxious |       |       |       |       |     1 |     1 |     1 |     5 |    10 ||    18
       Summon Cactus Gia |       |       |       |       |       |    10 |     1 |     1 |     1 ||    13
       Borgnjor's Vile C |       |       |       |       |       |     1 |       |       |       ||     1
       Death Channel     |       |       |       |       |       |       |     5 |     6 |    25 ||    36
       Freezing Cloud    |       |       |       |       |       |       |     6 |     4 |    18 ||    28
       Orb of Destructio |       |       |       |       |       |       |       |     3 |       ||     3
       Irradiate         |       |       |       |       |       |       |       |     2 |       ||     2
       Haunt             |       |       |       |       |       |       |       |       |     6 ||     6
       Summon Mana Viper |       |       |       |       |       |       |       |       |     6 ||     6
       Passwall          |       |       |       |       |       |       |       |       |     1 ||     1
Invok: Bend Time         |       |       |     1 |     3 |     1 |       |     6 |     2 |       ||    13
       Slouch            |       |       |       |       |     5 |    11 |     6 |     3 |       ||    25
       Step From Time    |       |       |       |       |       |       |     1 |     1 |     3 ||     5
Evoke: Wand              |       |     1 |     1 |       |     4 |       |     3 |       |     4 ||    13
       Tin of tremorston |       |       |       |       |       |     3 |     2 |       |       ||     5
       Phantom mirror    |       |       |       |       |       |     2 |     1 |     2 |     1 ||     6
       Phial of floods   |       |       |       |       |       |     1 |       |       |       ||     1
       Horn of Geryon    |       |       |       |       |       |       |       |       |     3 ||     3
       Condenser vane    |       |       |       |       |       |       |       |       |     1 ||     1
  Use: Scroll            |     2 |     5 |     6 |    12 |     5 |     2 |     2 |     8 |    13 ||    55
       Potion            |       |       |     1 |     3 |     3 |       |     1 |     3 |    15 ||    26
 Stab: Sleeping          |     1 |       |     1 |     2 |     2 |     9 |    28 |    14 |       ||    57
       Petrified         |       |       |       |       |     5 |       |       |       |       ||     5
       Distracted        |       |       |       |       |     1 |     2 |    14 |     4 |     9 ||    30
       Confused          |       |       |       |       |     3 |    14 |    20 |       |       ||    37
Armor: Robe              |     7 |     8 |       |   111 |   101 |       |       |       |       ||   227
       Animal skin       |       |    12 |    45 |       |       |       |       |       |       ||    57
       Leather armour    |       |       |       |       |    60 |   367 |       |       |       ||   427
       Plate armour      |       |       |       |       |       |    38 |   162 |       |       ||   200
       Scale mail        |       |       |       |       |       |       |    60 |   240 |       ||   300
       Gold dragon scale |       |       |       |       |       |       |       |    69 |   765 ||   834
Dodge: Dodged            |    23 |    44 |   101 |   192 |   323 |  1054 |   385 |   725 |  1707 ||  4554
Block: Buckler           |     4 |    15 |    26 |       |       |       |       |       |       ||    45
       Kite shield       |       |       |       |       |       |       |   741 |    26 |       ||   767
       Reflection        |       |       |       |       |       |       |    67 |     2 |       ||    69
